 Dungeon Crawl Stone Soup version 0.29.1-2-gbd0b4ee654 (webtiles) character file.

Game seed: 7967242468657506786

266 warriortoast the Sneak (level 6, -1/28 HPs)
             Began as a Spriggan Enchanter on Nov 21, 2022.
             Slain by an adder (4 damage)
             ... on level 4 of the Dungeon.
             The game lasted 00:06:20 (3225 turns).

warriortoast the Sneak (Spriggan Enchanter)         Turns: 3225, Time: 00:06:20

Health: -1/28      AC:  2    Str:  6    XL:     6   Next: 0%
Magic:  1/14       EV: 19    Int: 17    God:
Gold:   185        SH:  0    Dex: 15    Spells: 12/14 levels left

rFire   . . .      SeeInvis +   o - +2 rapier (drain)
rCold   . . .      Faith    .   (no shield)
rNeg    . . .      Spirit   .   b - +0 robe
rPois   .          Reflect  .   (helmet restricted)
rElec   .          Harm     .   (no cloak)
rCorr   .          Rampage  .   (gloves unavailable)
Will    +....                   (boots unavailable)
Stlth   +++.......              (no amulet)
HPRegen 0.09/turn               (no ring)
MPRegen 0.14/turn               (no ring)

@: very quick
A: very small, no large weapons, unfitting armour, see invisible, speed 3
a: no special abilities


You were on level 4 of the Dungeon.
You visited 1 branch of the dungeon, and saw 4 of its levels.

You collected 185 gold pieces.

Inventory:

Hand Weapons
 a - a +1 dagger
 o - a +2 rapier of draining (weapon)
Armour
 b - a +0 robe (worn)
Jewellery
 e - a ring of fire
 h - an amulet of magic regeneration
 s - an amulet of faith
Wands
 t - a wand of paralysis (7)
Scrolls
 d - 3 scrolls of blinking {unknown}
 f - 5 scrolls of teleportation {unknown}
 i - 5 scrolls of identify {unknown}
 j - a scroll of silence {unknown}
 l - 2 scrolls of enchant weapon {unknown}
 n - 2 scrolls of magic mapping {unknown}
 q - a scroll of enchant armour {unknown}
 r - a scroll of immolation {unknown}
Potions
 c - 2 potions of invisibility
 g - a potion of berserk rage {unknown}
 k - a potion of haste {unknown}
 m - 2 potions of heal wounds {unknown}
 p - a potion of experience {unknown}
 u - a potion of curing {unknown}


   Skills:
 + Level 2.5 Short Blades
 * Level 4.9 Dodging
 + Level 5.5 Stealth
 * Level 4.7 Spellcasting
 + Level 4.6 Hexes


You had 12 spell levels left.
You knew the following spells:

 Your Spells              Type           Power      Damage    Failure   Level
a - Ensorcelled Hibernat  Hex/Ice        22%        N/A       9%          2

Your spell library contained the following spells:

 Spells                   Type           Power      Damage    Failure   Level
 Confusing Touch          Hex            19%        N/A       7%          3
 Tukima's Dance           Hex            19%        N/A       7%          3
 Summon Small Mammal      Summ           12%        N/A       14%         1
 Dazzling Flash           Conj/Hex       22%        N/A       17%         3
 Summon Guardian Golem    Hex/Summ       11%        N/A       17%         3
 Call Canine Familiar     Summ           3%         N/A       41%         3
 Ozocubu's Armour         Ice            3%         N/A       41%         3
 Ozocubu's Refrigeration  Ice            1%         4d7       100%        7


Dungeon Overview and Level Annotations

Branches:
Dungeon (4/15)
 Temple: D:4-7

Altars:
Trog
Vehumet
Xom


Innate Abilities, Weirdness & Mutations

You are very small and have problems with some larger weapons.
You are too small for most types of armour.
You have supernaturally acute eyesight. (SInv)
You cover ground extremely quickly. (Speed+++)


Message History

The hobgoblin resists with significant effort.
The hobgoblin closely misses you.
Your magical contamination has completely faded away.
You hit the hobgoblin.
The hobgoblin is moderately wounded.
The hobgoblin closely misses you.
You hit the hobgoblin. You drain the hobgoblin.
You kill the hobgoblin!
The adder bites you but does no damage.
You closely miss the adder. The adder closely misses you.
You hit the adder.
The adder is lightly wounded.
The adder misses you.
You closely miss the adder.
The adder is lightly wounded.
The adder bites you but does no damage.
A kobold comes into view. It is wielding a +0 dagger.
The adder misses you. The kobold hits you with a +0 dagger.
The kobold hits you with a +0 dagger.
You see here 6 gold pieces.
The ball python bites you. The ball python grabs you.
The ball python constricts you.
Casting: Ensorcelled Hibernation (safe; 9% risk of failure)
Confirm with . or Enter, or press ? or * to list all spells.
Aiming: Ensorcelled Hibernation (safe; 9% risk of failure)
Press: ? - help, Shift-Dir - straight line, f - ball python
Aim: a ball python (constricting you, chance to affect: 62%)
The ball python looks drowsy...
The ball python loses its grip on you.
The helpless ball python fails to defend itself.
You impale the ball python!!
You kill the ball python!
The adder bites you.
* * * LOW HITPOINT WARNING * * *
The kobold hits you with a +0 dagger.
* * * LOW HITPOINT WARNING * * *
You have reached level 6!
You barely miss the hobgoblin. The adder misses you. The kobold misses you.
The hobgoblin misses you. The adder bites you.
You die...

#... #... # #.... .## ##
...........#..... ..## #..
#..........#.# #S## #..#
...##.........##.# #...##..##
..#.#..#.....# #g# #....#...#
.......##...## #@###.?hS#...#
..>.....#....# #KS##|.gS.g..##
.............###S.#######g...#
..............##...### #....# .
.............###.....####....#...
.............###.......†.........
....†.........############.######
.............###.# #.......##
#.............##.## ##......##


You could see an adder, a hobgoblin, a ball python and a kobold.

Vanquished Creatures
  Sigmund (D:3)
  4 adders
  An ufetubus (D:4)
  A worm (D:3)
  2 dart slugs (D:1)
  An orc (D:3)
  8 ball pythons
  5 endoplasms
  A giant cockroach (D:4)
  2 goblins
  8 hobgoblins
  4 jackals (D:3)
  4 quokkas
  6 bats
  2 frilled lizards
  5 kobolds
  5 rats
60 creatures vanquished.

Notes
Turn   | Place    | Note
-------+----------+-------------------------------------------
     0 | D:1      | warriortoast the Spriggan Enchanter began the quest for the
                  | Orb.
     0 | D:1      | Reached XP level 1. HP: 9/9 MP: 5/5
   221 | D:1      | Found a faded altar of an unknown god.
   260 | D:1      | Reached XP level 2. HP: 13/13 MP: 7/7
   805 | D:1      | Learned a level 2 spell: Ensorcelled Hibernation
  1059 | D:2      | Reached XP level 3. HP: 8/16 MP: 3/8
  1432 | D:2      | Found a bloodstained altar of Trog.
  2253 | D:3      | Found a shimmering altar of Xom.
  2333 | D:3      | Noticed Sigmund
  2363 | D:3      | Killed Sigmund
  2364 | D:3      | Reached skill level 5 in Stealth
  2364 | D:3      | Reached XP level 4. HP: 21/21 MP: 0/11
  2364 | D:3      | Reached XP level 5. HP: 24/24 MP: 0/12
  3148 | D:4      | Found a radiant altar of Vehumet.
  3225 | D:4      | Reached XP level 6. HP: 3/28 MP: 0/14
  3225 | D:4      | Slain by an adder

Illustrated notes

Levels and vault maps discovered:
D:1:      minmay_arrival_four_loops, layout_rooms,
          nicolae_ecumenical_snake_handling
D:2:      layout_loops_ring, basic_altar
D:3:      layout_rooms, lemuel_doored_altar, serial_curves, eino_curves_01,
          eino_curves_03, eino_curves_01, eino_curves_04, grunt_ministairs_10,
          uniq_sigmund
D:4:      minmay_recursive_quarters, layout_cave_pools,
          mainiacjoe_overflow_24_doors, serial_shops, kennysheep_mini

Skill      XL: |  1  2  3 |
---------------+----------+-----
Dodging        | 3 4 |  4.9
Spellcasting   | 3 4 |  4.7
Hexes          | 4 |  4.6
Short Blades   | 2 |  2.5
Stealth        | 5 |  5.5

Action                   |  1- 3 |  4- 6 || total
-------------------------+-------+-------++-------
Melee: Dagger            |    60 |       ||    60
       Punch             |     2 |       ||     2
       Rapier            |    21 |    53 ||    74
 Cast: Ensorcelled Hiber |    14 |     7 ||    21
 Stab: Sleeping          |    18 |    12 ||    30
Armor: Robe              |     7 |     6 ||    13
Dodge: Dodged            |    67 |    45 ||   112
